 Dungeon Crawl Stone Soup version 0.31-a0-1036-g31867e143a (webtiles) character file.

Game seed: 8821809587355541057

4 Azuregosa the Sneak (level 1, -4/16 HPs)
             Began as an Octopode Delver on Nov 19, 2023.
             Slain by a hound (5 damage)
             ... on level 4 of the Dungeon.
             The game lasted 00:01:31 (101 turns).

Azuregosa the Sneak (Octopode Delver)                Turns: 101, Time: 00:01:32

Health: -4/16      AC:  1    Str: 11    XL:     1   Next: 60%
Magic:  1/1        EV: 13    Int: 12    God:
Gold:   0          SH:  0    Dex: 13    Spells: 0/0 levels left

rFire   . . .        a - +0 hand axe
rCold   . . .        (no shield)
rNeg    . . .        (helmet restricted)
rPois   .            (no amulet)
rElec   .            (no ring)
rCorr   .            (no ring)
SInv    .            (no ring)
Will    .....        (no ring)
Stlth   ++++         (no ring)
HPRegen 0.22/turn    (no ring)
MPRegen 0.07/turn    (no ring)
                     (no ring)

%: no passive effects
@: no status effects
A: almost no armour, amphibious, 8 rings, camouflage 1, gelatinous body 1,
(nimble swimmer 1), tentacles
a: no special abilities


You were on level 4 of the Dungeon.
You visited 1 branch of the dungeon, and saw 2 of its levels.

Inventory:

Hand Weapons
 a - a +0 hand axe (weapon)
 c - a +3 whip
Wands
 d - a wand of flame (20)
 f - a wand of digging (3)
Scrolls
 b - a scroll of fog
Potions
 e - a potion of haste


   Skills:
 - Level 3.0 Fighting
 - Level 2.0 Axes
 - Level 2.0 Dodging
 + Level 6.9 Stealth


You couldn't memorise any spells.
You didn't know any spells.
Your spell library was empty.

Dungeon Overview and Level Annotations

Branches:
Dungeon (5/15)
 Temple: D:4-7

Altars:


Innate Abilities, Weirdness & Mutations

You cannot wear most types of armour.
You are amphibious.
You can wear up to eight rings at the same time.
Your skin changes colour to match your surroundings (Stealth+).
Your rubbery body absorbs attacks. (AC +1, EV +1)
((You are camouflaged when in or above water. (Stealth+)))
You have tentacles for arms and can constrict up to eight enemies at once.


Message History

You kill the ball python!
You start resting.
A hound comes into view.
Found a bubbling amethyst potion.
An endoplasm comes into view.
Found a yellow potion.
The endoplasm quivers.
The endoplasm jiggles.
The endoplasm freezes you.
You are frozen.
You hit the endoplasm but do no damage.
You squeeze the endoplasm, but do no damage.
The endoplasm freezes you.
You are frozen.
You hit the endoplasm. You squeeze the endoplasm.
You kill the endoplasm!
You start resting.
A hound is nearby!
A hound is nearby!
The hound barks!
You closely miss the hound. Your grab misses the hound. The hound misses you.
The hound bites you.
You hit the hound. Your grab misses the hound.
The hound is moderately wounded.
The hound closely misses you. x2
You hit the hound but do no damage. You grab the hound.
The hound is moderately wounded.
You constrict the hound, but do no damage.
The hound bites you.
* * * LOW HITPOINT WARNING * * *
The hound closely misses you.
You hit the hound but do no damage. You squeeze the hound.
The hound is heavily wounded.
You constrict the hound, but do no damage.
The hound bites you.
* * * LOW HITPOINT WARNING * * *
You barely miss the hound.
The hound is heavily wounded.
You constrict the hound. The hound bites you.
You die...

....... #....)..# .....
#........##.#.....#
.....
#........##.#.....#
....##.....!........####
#..................#
#..................#
..#......!.....#...#.###
#.........h.........>..#
#.........@....###.....#
#....########### #.....#
#.. #.....# # #.....#
#.....# #######


You could see a hound.

Vanquished Creatures
  An orc (D:4)
  An endoplasm (D:4)
  A ball python (D:4)
3 creatures vanquished.

Notes
Turn   | Place    | Note
-------+----------+-------------------------------------------
     0 | D:5      | Azuregosa the Octopode Delver began the quest for the Orb.
     0 | D:5      | Reached XP level 1. HP: 16/16 MP: 1/1
     2 | D:5      | Noticed an iguana
    14 | D:5      | Noticed an ogre
    39 | D:5      | Noticed a scorpion
    66 | D:4      | Noticed a hound
   101 | D:4      | Slain by a hound

Illustrated notes

Levels and vault maps discovered:
D:4:      cheibrodos_greedy_goblins, layout_basic, general_overflow_altar,
          serial_shops, nicolae_shop_pleasant_corner_grove, amethyst_killhole,
          uniq_blork_the_orc
D:5:      layout_rooms, kennysheep_mini

Action                     || total
---------------------------++-------
  Melee: Hand axe          ||    12
         Constrict         ||     3
         Tentacles         ||     3
    Use: Scroll            ||     2
 Armour: Skin              ||    11
  Dodge: Dodged            ||     5

Table legend: (Time is in decaauts)
 A = Elapsed time spent in this place.
 B = Non-inter-level travel time spent in this place.
 C = Inter-level travel time spent in this place.
 D = Time resting spent in this place.
 E = Time spent auto-exploring this place.
 F = Levels seen in this place.
 G = Mean time per level.
                   A        B        C        D        E       F      G
               +--------+--------+--------+--------+--------+-----+--------+
         Total |    102 |    102 |      0 |     15 |      3 |   2 |   51.0 |
       Dungeon |    102 |    102 |      0 |     15 |      3 |   2 |   51.0 |
               +--------+--------+--------+--------+--------+-----+--------+

Top non-repeatable levels by time:
     D:4: 53 daAuts
     D:5: 49 daAuts
